 Dungeon Crawl Stone Soup version 0.31-a0-233-g139696dc86 (webtiles) character file.

Game seed: 11328793624633081719

1115 qw the Fighter (level 8, -22/89 HPs)
             Began as a Minotaur Hexslinger on July 8, 2023.
             Was an Initiate of Okawaru.
             Annihilated by a manticore (24 damage)
             ... on level 6 of the Dungeon.
             The game lasted 00:01:44 (5167 turns).

qw the Fighter (Minotaur Hexslinger)                Turns: 5167, Time: 00:01:44

Health: -22/89     AC:  5    Str: 13    XL:     8   Next: 12%
Magic:  8/8        EV: 11    Int: 10    God:    Okawaru [......]
Gold:   259        SH:  0    Dex: 15    Spells: 8/9 levels left

rFire   . . .        Y - +1 sling (flame)
rCold   . . .        (no shield)
rNeg    . . .        g - +0 ring mail
rPois   .            (helmet restricted)
rElec   .            (no cloak)
rCorr   .            (no gloves)
SInv    .            (no boots)
Will    .....        i - amulet of the acrobat
Stlth   +            (no ring)
HPRegen 0.34/turn    (no ring)
MPRegen 0.11/turn

%: acrobat
@: lethally poisoned (-22 -> -24)
A: horns 2, retaliatory headbutt
a: Renounce Religion


You were on level 6 of the Dungeon.
You worshipped Okawaru.
Okawaru was noncommittal.
You visited 2 branches of the dungeon, and saw 7 of its levels.

You collected 259 gold pieces.


Innate Abilities, Weirdness & Mutations

You have a pair of horns on your head.
You reflexively headbutt those who attack you in melee.


   Skills:
 - Level 14.1 Fighting
 + Level 8.1 Ranged Weapons
 - Level 1.0 Armour
 - Level 2.1 Dodging
 - Level 1.0 Spellcasting
 - Level 2.0 Hexes
 - Level 0.1 Invocations


You had 8 spell levels left.
You knew the following spells:

 Your Spells              Type           Power      Damage    Failure   Level
a - Slow                  Hex            16%        N/A       32%         1

Your spell library contained the following spells:

 Spells                   Type           Power      Damage    Failure   Level
 Inner Flame              Hex/Fire       2%         N/A       82%         3
 Portal Projectile        Hex/Tloc       4%         N/A       82%         3
 Cause Fear               Hex            2%         N/A       97%         4

Inventory:

Hand Weapons
 Y - a +1 sling of flaming (weapon)
Armour
 g - a +0 ring mail (worn)
Jewellery
 i - an amulet of the acrobat (around neck)
Scrolls
 a - 2 scrolls of identify
Potions
 c - a potion of mutation
 d - a potion of haste
 h - 4 potions of curing

Dungeon Overview and Level Annotations

Branches:
Dungeon (6/15)             Temple (1/1) D:5

Altars:
Ashenzari
Cheibriados
Dithmenos
Elyvilon
Fedhas
Gozag
Hepliaklqana
Kikubaaqudgha
Makhleb
Nemelex Xobeh
Okawaru
Qazlal
Ru
Sif Muna
Uskayaw
Vehumet
Wu Jian
Xom
Yredelemnul
Zin
The Shining One


Message History

The manticore is lightly wounded.
The scorpion stings you.
You shoot a sling bullet. The sling bullet hits the scorpion.
The sling bullet burns the scorpion.
The scorpion is lightly wounded.
The scorpion stings you but does no damage.
You shoot a sling bullet.
The sling bullet closely misses the scorpion.
The sling bullet hits the manticore!
The sling bullet burns the manticore.
The manticore is moderately wounded.
The scorpion barely misses you.
You shoot a sling bullet.
The sling bullet barely misses the manticore.
The scorpion stings you. The manticore bites you!
The manticore barely misses you. The manticore claws you!
The scorpion stings you.
You are poisoned.
The scorpion poisons you!
You shoot a sling bullet.
The sling bullet hits the manticore but does no damage.
The manticore is moderately wounded.
You feel sick. The manticore bites you!! The manticore closely misses you.
The manticore claws you!
The scorpion stings you but does no damage.
You shoot a sling bullet.
The sling bullet barely misses the manticore.
You feel sick.
The scorpion stings you but does no damage.
The manticore bites you. The manticore claws you. The manticore misses you.
The scorpion stings you.
You shoot a sling bullet.
The sling bullet hits the manticore but does no damage.
The manticore is moderately wounded.
You feel sick. The manticore barely misses you. The manticore claws you. x2
The scorpion stings you.
You shoot a sling bullet. The sling bullet hits the manticore!
The sling bullet burns the manticore.
The manticore is heavily wounded.
You feel sick. The manticore bites you!!
You die...

#...#..###.#.######
##.##..# #.#.#
##.##..# #.#.#
##.##..###.#.#
##.##........# ?
##.##......#.# ..# #
.##........#######....
.............H....#.
#####.#.##.#@s......
#.#. #)####.#... #.#.
#.# # #.#. #.# .. ..#
:. .># .. ... ..##


You could see a manticore and a scorpion.

Vanquished Creatures
  Prince Ribbit (D:5)
  A black bear (D:4)
  3 wights (D:5)
  A hound (D:2)
  2 jellies
  2 orc wizards
  4 iguanas
  5 adders
  4 gnolls (D:5)
  A white imp (D:5)
  An ufetubus (D:4)
  4 worms
  2 dart slugs
  15 orcs
  6 ball pythons
  7 endoplasms
  A giant cockroach (D:3)
  9 goblins
  7 hobgoblins
  2 quokkas
  A bat (D:3)
  2 frilled lizards
  5 kobolds
  4 rats
90 creatures vanquished.

Notes
Turn   | Place    | Note
-------+----------+-------------------------------------------
     0 | D:1      | qw the Minotaur Hexslinger began the quest for the Orb.
     0 | D:1      | Reached XP level 1. HP: 16/16 MP: 1/1
     0 | D:1      | 0 ||| qw: Version: 0.3-a-46-gb1f654a
     0 | D:1      | 0 ||| qw: Game counter: 3759
     0 | D:1      | 0 ||| qw: Melee chars always use a shield: true
     0 | D:1      | 0 ||| qw: God list: Okawaru
     0 | D:1      | 0 ||| qw: Allow faded altars: false
     0 | D:1      | 0 ||| qw: Do Orc after clearing Dungeon:15 true
     0 | D:1      | 0 ||| qw: Do second Lair branch before Depths: true
     0 | D:1      | 0 ||| qw: Lair rune preference: random
     0 | D:1      | 0 ||| qw: Goals: Normal
     0 | D:1      | 0 ||| PLANNING D:1-11
    16 | D:1      | Found a faded altar of an unknown god.
   362 | D:1      | Reached skill level 3 in Ranged Weapons
   362 | D:1      | Reached XP level 2. HP: 23/23 MP: 2/2
   486 | D:1      | You fall into a shaft and drop 1 floor!
   502 | D:2      | Reached skill level 2 in Fighting
   906 | D:2      | Found a shadowy altar of Dithmenos.
   916 | D:2      | 916 ||| UPGRADING to +0 ring mail.
   926 | D:2      | 926 ||| DROPPING +0 robe.
   927 | D:2      | 927 ||| READING 5 scrolls labelled TOAHUR VENGO.
   928 | D:2      | 928 ||| READING scroll labelled ZULIMEUSHE.
   929 | D:2      | 929 ||| READING 4 scrolls of identify.
   929 | D:2      | 929 ||| IDENTIFYING green potion
   930 | D:2      | 930 ||| READING 3 scrolls of identify.
   930 | D:2      | 930 ||| IDENTIFYING sedimented clear potion
   931 | D:2      | 931 ||| READING 2 scrolls of identify.
   931 | D:2      | 931 ||| IDENTIFYING viscous orange potion
   932 | D:2      | 932 ||| DROPPING scroll of poison.
   933 | D:2      | 933 ||| DROPPING potion of lignification.
  1280 | D:2      | Reached XP level 3. HP: 9/29 MP: 3/3
  1525 | D:2      | Reached XP level 4. HP: 32/36 MP: 4/4
  1535 | D:2      | Reached skill level 1 in Armour
  1838 | D:2      | 1838 ||| READING scroll labelled KYGEIMOAKH.
  1839 | D:2      | 1839 ||| READING scroll labelled DAKUOT DIVAAH.
  1943 | D:3      | 1943 ||| FLEEEEING.
  1946 | D:3      | 1946 ||| FLEEEEING.
  1947 | D:3      | 1947 ||| FLEEEEING.
  2745 | D:3      | Reached skill level 3 in Fighting
  2745 | D:3      | Reached XP level 5. HP: 32/45 MP: 5/5
  3006 | D:3      | 3006 ||| READING scroll labelled RIS REUMAMPYRR.
  3007 | D:3      | 3007 ||| READING 2 scrolls of identify.
  3007 | D:3      | 3007 ||| IDENTIFYING black potion
  3028 | D:4      | Noticed a black bear
  3043 | D:4      | Killed a black bear
  3044 | D:4      | Reached skill level 6 in Ranged Weapons
  3528 | D:4      | 3528 ||| READING scroll labelled IHUPPO YDITS.
  3529 | D:4      | 3529 ||| READING 4 scrolls of identify.
  3529 | D:4      | 3529 ||| IDENTIFYING fizzy pink potion
  3530 | D:4      | 3530 ||| READING 3 scrolls of identify.
  3530 | D:4      | 3530 ||| IDENTIFYING metallic coppery potion
  3531 | D:4      | 3531 ||| READING 2 scrolls of identify.
  3531 | D:4      | 3531 ||| IDENTIFYING purple potion
  3532 | D:4      | 3532 ||| DRINKING potion of experience.
  3532 | D:4      | Reached skill level 14 in Fighting
  3532 | D:4      | Reached XP level 6. HP: 74/74 MP: 6/6
  3533 | D:4      | 3533 ||| DROPPING potion of brilliance.
  3556 | D:5      | Entered Level 5 of the Dungeon
  3559 | D:5      | Found a staircase to the Ecumenical Temple.
  3560 | D:5      | 3560 ||| PLANNING TEMPLE
  3570 | D:5      | Reached XP level 7. HP: 46/77 MP: 7/7
  3812 | Temple   | Entered the Ecumenical Temple
  3857 | Temple   | 3857 ||| PLANNING OKAWARU WORSHIP
  3967 | Temple   | Became a worshipper of Warmaster Okawaru
  3968 | Temple   | 3968 ||| PLANNING D:1-11
  4033 | D:5      | 4033 ||| FLEEEEING.
  4041 | D:5      | 4041 ||| STAIRDANCE
  4123 | D:5      | Noticed Prince Ribbit
  4131 | D:5      | Killed Prince Ribbit
  4138 | D:5      | HP: 17/75 [orc/+0 flail (3)]
  4139 | D:5      | 4139 ||| READING scroll of teleportation.
  4140 | D:5      | 4140 ||| DRINKING 2 potions of heal wounds.
  4143 | D:5      | 4143 ||| DRINKING potion of heal wounds.
  4202 | D:5      | 4202 ||| FLEEEEING.
  4203 | D:5      | 4203 ||| STAIRDANCE
  4240 | D:4      | 4240 ||| READING scroll labelled ODDAES NOEZ.
  4354 | D:5      | 4354 ||| STAIRDANCE
  4595 | D:5      | 4595 ||| Stepping ~*~*~tactically~*~*~ (outnumbered).
  4600 | D:5      | Reached * piety under Okawaru
  4606 | D:5      | 4606 ||| INVOKING Heroism.
  4717 | D:5      | Reached XP level 8. HP: 85/86 MP: 8/8
  5047 | D:5      | 5047 ||| UPGRADING to amulet of the acrobat.
  5052 | D:5      | 5052 ||| READING scroll labelled BOHEHEY DOAJU.
  5053 | D:5      | 5053 ||| READING scroll labelled WAETWY EZEIMM.
  5054 | D:5      | 5054 ||| READING scroll labelled LAABOQ SUDALI.
  5157 | D:6      | Noticed a manticore
  5165 | D:6      | HP: 21/89 [manticore (6)]
  5166 | D:6      | HP: 10/89 [manticore (3)]
  5166 | D:6      | HP: 4/89 [manticore (6)]
  5167 | D:6      | Annihilated by a manticore

Levels and vault maps discovered:
D:1:      scummos_arrival_forest, layout_basic,
          hellmonk_ecumenical_altar_arch_garden, serial_bayou_pond_d
D:2:      layout_basic, basic_altar, kennysheep_generic_room_6
D:3:      layout_basic, roderic_roman_lattice
D:4:      layout_basic
D:5:      layout_rooms, minmay_temple_entry_statues_fountains,
          uniq_prince_ribbit1
D:6:      layout_loops_ring, moated_statue, minmay_manual_macuahuitl
Temple:   kilobyte_greek_temple

Skill      XL: |  1  2  3  4  5  6  7  8 |
---------------+-------------------------+-----
Ranged Weapons | 3 4 5 6 7 8 |  8.1
Fighting       | 2 3 14 | 14.1
Armour         | 1 |  1.0
Dodging        | |  2.1
Spellcasting   | |  1.0
Hexes          | |  2.0
Invocations    | |  0.1

Action                     |  1- 3 |  4- 6 |  7- 9 || total
---------------------------+-------+-------+-------++-------
   Fire: Sling             |    78 |   166 |   145 ||   389
 Invoke: Heroism           |       |       |     1 ||     1
    Use: Scroll            |     5 |     8 |     5 ||    18
         Potion            |       |     1 |     2 ||     3
 Armour: Robe              |     5 |       |       ||     5
         Ring mail         |     2 |    42 |    24 ||    68
  Dodge: Dodged            |    25 |    59 |    59 ||   143

Table legend:
 A = Non-vault XP
 B = Vault XP
 C = Vault XP percentage of total XP
 D = Non-vault monster count
 E = Vault monster count
 F = Vault count percentage of total count
                 A         B        C        D         E       F
            +---------+---------+-------+---------+---------+-------
      Total |     968 |     288 |  22.9 |      88 |       2 |   2.2
            +---------+---------+-------+---------+---------+-------
        D:1 |      15 |       0 |   0.0 |       9 |       0 |   0.0
        D:2 |      89 |       2 |   2.2 |      16 |       1 |   5.9
        D:3 |     114 |       0 |   0.0 |      25 |       0 |   0.0
        D:4 |     186 |       0 |   0.0 |      13 |       0 |   0.0
        D:5 |     470 |     286 |  37.8 |      21 |       1 |   4.5
        D:6 |      94 |       0 |   0.0 |       4 |       0 |   0.0
            +---------+---------+-------+---------+---------+-------
